 Dungeon Crawl Stone Soup version 0.20.0-8-g6b59dc7 (webtiles) character file.

781 Minion the Covert (level 7, -4/45 HPs)
             Began as an Octopode Assassin on May 30, 2017.
             Was a Believer of Yredelemnul.
             Slain by a centaur zombie (8 damage)
             ... in an ossuary.
             The game lasted 00:07:59 (3067 turns).

Minion the Covert (Octopode Assassin)               Turns: 3067, Time: 00:07:59

Health: -4/45      AC:  8    Str: 11    XL:     7   Next: 85%
Magic:  9/9        EV: 15    Int: 13    God:    Yredelemnul [**....]
Gold:   191        SH:  0    Dex: 15    Spells: 6/6 levels left

rFire    . . .     SeeInvis .   s - +1 dagger (protect)
rCold    . . .     Gourm    .   (no shield)
rNeg     . . .     Faith    .   (helmet restricted)
rPois    .         Spirit   .   (no amulet)
rElec    .         Reflect  .   g - ring of stealth
rCorr    .         Harm     .   (no ring)
MR       .....                  (no ring)
Stlth    ++++++....             (no ring)
Regen    0.2/turn               (no ring)
MPRegen  0.2/turn               (no ring)
                                (no ring)
                                (no ring)

@: protection aura
A: almost no armour, stealthy swim, amphibious, 8 rings, constrict 8, camouflage
1, gelatinous body 1
a: Animate Remains, Recall Undead Slaves, Injury Mirror, Renounce Religion


You were in an ossuary.
You worshipped Yredelemnul.
Yredelemnul was pleased with you.
You were hungry.

You visited 1 branch of the dungeon, and saw 4 of its levels.
You also visited: Ossuary.

You collected 191 gold pieces.

Inventory:

Hand Weapons
 b - a +0 blowgun
 s - a +1 dagger of protection (weapon)
Missiles
 c - 32 poisoned needles
 d - 2 curare-tipped needles
Jewellery
 g - a ring of stealth (left tentacle)
Wands
 q - a wand of flame (27/48)
Scrolls
 h - 2 scrolls of remove curse {unknown}
 i - 4 scrolls of teleportation {unknown}
 k - 4 scrolls of identify {unknown}
 n - a scroll of enchant armour {unknown}
 o - a scroll of recharging {unknown}
 r - a scroll of fog {unknown}
Potions
 a - 4 potions of curing {unknown}
 e - 3 potions of heal wounds {unknown}
 l - a potion of might {unknown}
 m - a potion of flight {unknown}
Comestibles
 f - 8 bread rations


   Skills:
 - Level 2.0 Fighting
 + Level 5.0 Short Blades
 - Level 2.0 Throwing
 + Level 4.4 Dodging
 + Level 8.4 Stealth
 + Level 2.9 Invocations


You had 6 spell levels left.
You didn't know any spells.

Dungeon Overview and Level Annotations

Branches:
Dungeon (4/15)             Temple (0/1) D:4

Altars:
Gozag
Makhleb
Trog
Xom
Yredelemnul


Innate Abilities, Weirdness & Mutations

You cannot wear most types of armour.
You are very stealthy in the water. (Stealth+)
You are amphibious.
You can wear up to eight rings at the same time.
You can use your tentacles to constrict eight enemies at once.
Your skin changes colour to match your surroundings (Stealth+).
Your rubbery body absorbs attacks. (AC +1, EV +1)


Message History

The mummy is almost destroyed.
You hit the mummy.
You destroy the mummy!
Yredelemnul accepts your kill.
Your Short Blades skill increases to level 5!
You are too injured to fight recklessly!
The mummy hits you!
* * * LOW HITPOINT WARNING * * *
You hit the mummy but do no damage. Your grab misses the mummy.
You hit the mummy. You grab the mummy. You squeeze the mummy.
The mummy is lightly damaged.
You constrict the mummy. The mummy hits you.
* * * LOW HITPOINT WARNING * * *
A centaur zombie comes into view.
You release your grip on the mummy.
The centaur zombie hits you.
* * * LOW HITPOINT WARNING * * *
The centaur zombie hits you!
You die...
Your body rises from the dead as a mindless zombie.

#.# #.≈ +≈# ####
#≈+ ≈≈≈ ###≈##≈#
#.'≈≈P# #####≈≈≈#
## #∩..#Z≈P#≈≈
#.∩.@≈≈#≈#
#...#≈≈P###
####.#####M##≈≈#
....Z...≈.≈.P##≈≈≈
'#'#'#'#.≈.≈#≈# ≈≈
#.#.#.## # #
#######


You could see a mummy and a centaur zombie.

Vanquished Creatures
  Grinder (D:4)
  A crimson imp (D:3)
  4 bullfrog zombies (Ossuary)
  2 orc wizards (D:3)
  A worker ant (D:4)
  3 hound zombies (Ossuary)
  4 mummies (Ossuary)
  A worker ant zombie (Ossuary)
  Robin (D:4)
  4 gnolls
  6 adders
  2 adder zombies (Ossuary)
  A worm (D:2)
  3 dart slugs
  8 leopard geckos
  7 orcs (D:3)
  A ball python (D:2)
  2 giant cockroaches
  13 goblins
  9 hobgoblins
  2 kobolds
  2 quokkas
  5 bats
  7 frilled lizards
  A giant cockroach zombie (Ossuary)
  A jackal zombie (Ossuary)
  8 rats
100 creatures vanquished.

Notes
Turn   | Place    | Note
-------+----------+-------------------------------------------
     0 | D:1      | Minion the Octopode Assassin began the quest for the Orb.
     0 | D:1      | Reached XP level 1. HP: 14/14 MP: 1/1
   179 | D:1      | Reached XP level 2. HP: 19/19 MP: 2/2
   685 | D:2      | Reached XP level 3. HP: 24/24 MP: 1/3
   718 | D:2      | Found a basalt altar of Yredelemnul.
   722 | D:2      | Became a worshipper of Yredelemnul the Dark
   850 | D:2      | Reached skill level 6 in Stealth
   882 | D:2      | Reached XP level 4. HP: 29/29 MP: 1/4
   961 | D:2      | Found an opulent altar of Gozag.
  1152 | D:2      | Found a bloodstained altar of Trog.
  1305 | D:3      | Reached * piety under Yredelemnul
  1343 | D:3      | Reached XP level 5. HP: 34/34 MP: 1/5
  1920 | D:3      | Found a burning altar of Makhleb.
  1920 | D:3      | Found a shimmering altar of Xom.
  1929 | D:3      | Reached skill level 7 in Stealth
  1929 | D:3      | Reached XP level 6. HP: 31/39 MP: 2/6
  2344 | D:3      | Reached ** piety under Yredelemnul
  2576 | D:4      | Found a staircase to the Ecumenical Temple.
  2614 | D:4      | Noticed Grinder
  2617 | D:4      | Killed Grinder
  2617 | D:4      | Reached skill level 1 in Invocations
  2617 | D:4      | Reached XP level 7. HP: 45/45 MP: 6/8
  2646 | D:4      | Noticed Robin
  2668 | D:4      | Killed Robin
  2906 | D:4      | Found a sand-covered staircase.
  2916 | Ossuary  | Entered an ossuary
  2947 | Ossuary  | Reached skill level 8 in Stealth
  3058 | Ossuary  | Reached skill level 5 in Short Blades
  3067 | Ossuary  | Slain by a centaur zombie

Skill      XL: |  1  2  3  4  5  6  7 |
---------------+----------------------+-----
Dodging        | 2 3 4 |  4.4
Stealth        | 6 7 8 |  8.4
Short Blades   | 3 4 5 |  5.0
Invocations    | 1 2 |  2.9
Fighting       | |  2.0
Throwing       | |  2.0

Action                   |  1- 3 |  4- 6 |  7- 9 || total
-------------------------+-------+-------+-------++-------
Melee: Dagger            |    54 |    86 |   112 ||   252
       Tentacles         |     7 |    15 |    26 ||    48
       Constrict         |    12 |    17 |    26 ||    55
 Stab: Sleeping          |    12 |    14 |       ||    26
  Eat: Chunk             |       |     5 |     1 ||     6
Armor: Skin              |     1 |     2 |    17 ||    20
Dodge: Dodged            |    24 |    42 |    47 ||   113
